 Dungeon Sprint DCSS version 0.23.0-38-g208d714 (webtiles) character file.

Game seed: 8092243384107824608

16506 Fang the Warrior (level 12, 0/88 HPs)
             Began as a Gargoyle Berserker on Feb 27, 2019.
             Was the Champion of Trog.
             Killed from afar by a red draconian (39 damage)
             ... with a searing blast
             ... in the Dungeon (Sprint V: "Ziggurat Sprint").
             The game lasted 00:03:32 (1183 turns).

Fang the Warrior (Gargoyle Berserker)               Turns: 1183, Time: 00:03:32

Health: 0/88       AC: 39    Str: 33    XL:     12   Next: 38%
Magic:  7/12       EV: 15    Int:  7    God:    Trog [******]
Gold:   0          SH:  0    Dex: 12    Spells: 11/11 levels left

rFire    . . .     SeeInvis +   P - +1 battleaxe (holy)
rCold    . . .     Gourm    .   (shield currently unavailable)
rNeg     + . .     Faith    .   j - +15 Maxwell's patent armour {-Cast -Tele rElec MR+ rCorr}
rPois    ∞         Spirit   .   (no helmet)
rElec    +         Reflect  .   (no cloak)
rCorr    +         Harm     .   K - +1 pair of gloves {Dex+3}
MR       +....     NoTele   +   (no boots) Stlth ..........NoCast +
                                z - amulet of regeneration
HPRegen  0.64/turn              D - +6 ring of strength
MPRegen  0.13/turn              I - ring of see invisible

@: corroded, berserk cooldown, slowed, studying 2 skills, very slow
A: negative energy resistance 1, electricity resistance, unbreathing,
petrification resistance, rot immunity, AC +8
a: Berserk, Trog's Hand, Brothers in Arms, Renounce Religion


You were in the Dungeon.
You worshipped Trog.
Trog was exalted by your worship.
You were not hungry.

You visited 1 branch

Inventory:

Hand Weapons
 b - a +0 hand axe of electrocution
 k - a +5 executioner's axe of freezing
 M - a +5 antimagic executioner's axe
 P - a +1 battleaxe of holy wrath (weapon)
Armour
 j - the +15 Maxwell's patent armour (worn) {-Cast -Tele rElec MR+ rCorr}
   (You found it in the Dungeon)

   It insulates you from electricity.
   It affects your resistance to hostile enchantments.
   It prevents spellcasting.
   It prevents most forms of teleportation.
   It provides partial protection from all sources of acid and corrosion.
 K - a +1 pair of gloves of dexterity (worn)
Jewellery
 a - an uncursed ring of protection from magic
 z - an amulet of regeneration (around neck)
 C - an uncursed ring of protection from cold
 D - a +6 ring of strength (left hand)
 E - a +6 ring of strength
 F - an uncursed ring of stealth
 H - an uncursed ring of stealth
 I - a ring of see invisible (right hand)
 J - an uncursed ring of protection from magic
 N - a +3 ring of evasion
Wands
 w - a wand of disintegration (7)
 x - a wand of iceblast (7)
 y - a wand of acid (7)
Scrolls
 i - 4 scrolls of blinking
 l - 7 scrolls of fog
 m - a scroll of holy word
 n - 5 scrolls of identify
 o - 5 scrolls of remove curse
 p - 2 scrolls of fear
Potions
 d - 10 potions of curing
 e - 12 potions of heal wounds
 f - 10 potions of haste
 g - 7 potions of magic
 h - 3 potions of berserk rage
 q - 2 potions of brilliance
 r - 2 potions of invisibility
 s - 4 potions of resistance
 u - 5 potions of agility
 v - 5 potions of might
Books
 t - a manual of Short Blades
 A - a manual of Shields
Miscellaneous
 B - 3 sacks of spiders
 G - a phial of floods
 L - a lamp of fire
 O - a lamp of fire
Comestibles
 c - 6 rations


   Skills:
 + Level 16.0 Fighting
 + Level 13.8 Axes
 + Level 15.4 Armour
 + Level 12.3 Dodging


You had 11 spell levels left.
You didn't know any spells.
Your spell library was empty.

Dungeon Overview and Level Annotations

Branches:
Dungeon (1/1)

Altars:
Ashenzari
Cheibriados
Dithmenos
Elyvilon
Fedhas
Gozag
Hepliaklqana
Kikubaaqudgha
Makhleb
Nemelex Xobeh
Okawaru
Qazlal
Ru
Sif Muna
Trog
Uskayaw
Vehumet
Wu Jian
Xom
Yredelemnul
Zin
The Shining One
Beogh
Jiyva
Lugonu

Annotations:
D 1 transporter


Innate Abilities, Weirdness & Mutations

You are resistant to torment.
Your stone body is resilient. (AC +8)
You are immune to poison.
You resist negative energy. (rN+)
You are resistant to electric shocks. (rElec)
You can survive without breathing.
You are immune to petrification.
You are immune to rotting.


Message History

Your stone giant hits the red draconian but does no damage.
The red draconian hits you but does no damage.
Your cyclops hits the red draconian.
Found a transporter.
Items here: )) [ †† a +0 dire flail; a +0 rapier of electrocution; a +0 cloak a red draconian corpse; a purple draconian corpse Unknown command.
You slice the purple draconian!!
The purple draconian is moderately wounded.
You barely miss the black draconian. You slash the red draconian!
You kill the red draconian!
Trog accepts your kill.
Your Fighting skill increases to level 16!
You hit the black draconian but do no damage.
You slash the yellow draconian!
You hit the red draconian but do no damage.
The red draconian breathes flames at you.
The searing blast hits you!!!
You die...

▓▓▓▓▓▓▓▓▓▓▓▓
▓...8©8...▓...8©8...▓.
▓..)|)):).▓..:.).:..▓.
▓..[:=.)..▓...)|[...▓.
▓.........▓.........▓.
▓.........▓.........▓.
▓.........▓...[.....▓.
▓....dd)..▓.........▓.
▓..dd@)C..▓.........▓.
▓.▓.ddC.▓.▓.........▓.
▓....©○...▓....©....▓▓
▓▓▓▓▓▓▓▓▓▓▓▓▓▓▓▓▓▓▓▓▓


You could see 3 draconians, a yellow draconian, a purple draconian, a red
draconian, a friendly stone giant (berserk) and a friendly cyclops (berserk).

Vanquished Creatures
  2 shadow dragons (D)
  A draconian scorcher (D)
  A red draconian (D)
  3 soul eaters (D)
  A cyclops (D)
  4 yaktaurs (D)
  A hornet (D)
  3 jumping spiders (D)
  A spriggan (D)
  A tarantella (D)
  A hog (shapeshifter) (D)
  A chaos spawn (D)
  A hell hound (D)
  A black bear (D)
  An eye of draining (shapeshifter) (D)
  A necrophage (D)
  2 phantoms (D)
  4 wolves (D)
  2 centaurs (D)
  8 scorpions (D)
  5 wights (D)
  2 iron imps (D)
  3 white imps (D)
  2 ufetubi (D)
  2 adder skeletons (D)
  A bat skeleton (D)
  3 bat zombies (D)
  2 giant cockroach zombies (D)
  A jackal zombie (D)
  2 leopard gecko skeletons (D)
  3 leopard gecko zombies (D)
  A quokka zombie (D)
67 creatures vanquished.

Vanquished Creatures (collateral kills)
  A green draconian (D)
  2 red draconians (D)
3 creatures vanquished.

Grand Total: 70 creatures vanquished

Notes
Turn   | Place    | Note
-------+----------+-------------------------------------------
     0 | D        | Found the +6 Majin-Bo {vamp, Archmagi MP+6 Int+6}
     0 | D        | Found the +7 great mace "Firestarter" {inner flame, rF++}
     0 | D        | Fang the Gargoyle Berserker began the quest for the Orb.
     0 | D        | Reached XP level 1. HP: 14/14 MP: 1/1
     2 | D        | Found a blossoming altar of Fedhas.
     4 | D        | Found a viscous altar of Jiyva.
     4 | D        | Found a transporter.
     4 | D        | Found a hazy altar of Hepliaklqana.
     4 | D        | Found an ancient bone altar of Kikubaaqudgha.
     4 | D        | Found an opulent altar of Gozag.
     4 | D        | Found a corrupted altar of Lugonu.
     8 | D        | Found a burning altar of Makhleb.
     9 | D        | Found an iron altar of Okawaru.
     9 | D        | Found a stormy altar of Qazlal.
     9 | D        | Found a sparkling altar of Nemelex Xobeh.
     9 | D        | Found a sacrificial altar of Ru.
     9 | D        | Found a deep blue altar of Sif Muna.
    13 | D        | Found the +9 heavy crossbow "Sniper" {velocity, Acc+∞ SInv}
    13 | D        | Found the +10 dark maul {crush}
    13 | D        | Found the +15 Maxwell's patent armour {-Cast -Tele rElec
                  | MR+ rCorr}
    13 | D        | Found the +18 shield of the Gong {rElec rN+ MR+ EV-5}
    13 | D        | Found the cursed +14 obsidian axe {chop, +Fly SInv *Curse}
    15 | D        | Found a bloodstained altar of Trog.
    64 | D        | Entered arena 2.
    64 | D        | Noticed a bullfrog
    64 | D        | Noticed a hog
    64 | D        | Found a transporter.
    66 | D        | Noticed an eye of draining
    66 | D        | a bullfrog changed into an eye of draining
    70 | D        | Killed an eye of draining
    70 | D        | Reached skill level 5 in Fighting
    70 | D        | Reached skill level 5 in Armour
    70 | D        | Reached XP level 2. HP: 22/22 MP: 2/2
    70 | D        | Reached XP level 3. HP: 27/27 MP: 3/3
    70 | D        | Reached XP level 4. HP: 32/32 MP: 4/4
    72 | D        | Killed a hog
    72 | D        | Reached skill level 7 in Fighting
    72 | D        | Reached skill level 5 in Dodging
    72 | D        | Reached XP level 5. HP: 38/38 MP: 5/5
    72 | D        | Reached XP level 6. HP: 44/44 MP: 6/6
   125 | D        | Entered arena 3.
   125 | D        | Noticed a jumping spider
   125 | D        | Found a transporter.
   132 | D        | Reached ** piety under Trog
   135 | D        | Reached skill level 8 in Fighting
   142 | D        | Killed a jumping spider
   142 | D        | Reached skill level 9 in Fighting
   142 | D        | Reached XP level 7. HP: 26/51 MP: 7/7
   385 | D        | Entered arena 4.
   385 | D        | Found a transporter.
   390 | D        | Reached *** piety under Trog
   467 | D        | Entered arena 5.
   467 | D        | Noticed a jumping spider
   467 | D        | Noticed a jumping spider
   467 | D        | Found a transporter.
   469 | D        | Killed a jumping spider
   469 | D        | Reached **** piety under Trog
   469 | D        | Reached XP level 8. HP: 57/57 MP: 8/8
   471 | D        | Reached skill level 10 in Fighting
   479 | D        | Killed a jumping spider
   479 | D        | Reached skill level 10 in Armour
   581 | D        | Entered arena 6.
   581 | D        | Noticed a tarantella
   581 | D        | Found a transporter.
   585 | D        | Reached ***** piety under Trog
   587 | D        | Killed a tarantella
   587 | D        | Reached skill level 11 in Fighting
   616 | D        | Entered arena 7.
   616 | D        | Noticed a spriggan rider
   617 | D        | Found a transporter.
   622 | D        | Reached XP level 9. HP: 49/64 MP: 9/9
   625 | D        | Received a gift from Trog
   629 | D        | Killed a hornet
   629 | D        | Reached skill level 10 in Axes
   680 | D        | Entered arena 8.
   681 | D        | Found a transporter.
   684 | D        | Received a gift from Trog
   684 | D        | Reached skill level 12 in Fighting
   687 | D        | Reached ****** piety under Trog
   710 | D        | Entered arena 9.
   710 | D        | Noticed a yaktaur
   710 | D        | Noticed a yaktaur
   710 | D        | Noticed a yaktaur
   710 | D        | Noticed a yaktaur
   710 | D        | Noticed a cyclops
   711 | D        | Found a transporter.
   720 | D        | Killed a yaktaur
   720 | D        | Received a gift from Trog
   720 | D        | Killed a yaktaur
   721 | D        | Killed a cyclops
   721 | D        | Reached XP level 10. HP: 48/72 MP: 10/10
   721 | D        | Reached skill level 10 in Dodging
   723 | D        | Reached skill level 13 in Fighting
   838 | D        | Entered arena 10.
   839 | D        | Found a transporter.
   841 | D        | Received a gift from Trog
   886 | D        | Entered arena 11.
   887 | D        | Found a transporter.
   892 | D        | Received a gift from Trog
   937 | D        | Entered arena 12.
   937 | D        | Noticed a soul eater
   937 | D        | Noticed a shadow dragon
   938 | D        | Noticed a soul eater
   938 | D        | Noticed a soul eater
   938 | D        | Noticed a shadow dragon
   939 | D        | Found a transporter.
   942 | D        | Reached XP level 11. HP: 28/79 MP: 3/11
   945 | D        | Received a gift from Trog
   948 | D        | Killed a soul eater
   948 | D        | Reached skill level 14 in Fighting
   953 | D        | Killed a soul eater
   954 | D        | Killed a soul eater
   955 | D        | Killed a shadow dragon
   957 | D        | Killed a shadow dragon
   957 | D        | Reached skill level 15 in Fighting
   957 | D        | Reached XP level 12. HP: 10/88 MP: 4/12
  1165 | D        | Entered arena 13.
  1165 | D        | Noticed a yellow draconian
  1165 | D        | Noticed a red draconian
  1165 | D        | Noticed a purple draconian scorcher
  1165 | D        | Noticed a red draconian
  1165 | D        | Noticed a red draconian
  1165 | D        | Noticed a black draconian
  1165 | D        | Noticed a black draconian
  1165 | D        | Noticed a green draconian
  1165 | D        | Noticed a red draconian
  1166 | D        | Identified the +11 whip of Kunkile {drain, +Blink Stlth+}
  1166 | D        | Noticed a purple draconian
  1167 | D        | Identified the +7 scimitar of Gin and Tonic {slice, +Inv
                  | MR+ Str-3 Int+7}
  1167 | D        | Noticed a black draconian
  1172 | D        | Killed a purple draconian scorcher
  1172 | D        | Received a gift from Trog
  1172 | D        | Reached skill level 15 in Armour
  1174 | D        | Killed a red draconian
  1178 | D        | Killed a green draconian
  1181 | D        | Killed a red draconian
  1182 | D        | Found a transporter.
  1183 | D        | Killed a red draconian
  1183 | D        | Reached skill level 16 in Fighting
  1183 | D        | Killed from afar by a red draconian

Skill      XL: |  1  2  3  4  5  6  7  8  9 10 11 12 |
---------------+-------------------------------------+-----
Fighting       | 5 7 9 11 12 13 15 16 | 16.0
Axes           | 4 6 7 8 9 10 11 13 | 13.8
Armour         | 5 6 8 9 10 12 13 14 15 | 15.4
Dodging        | 3 5 6 7 8 9 10 11 12 | 12.3

Action                   |  1- 3 |  4- 6 |  7- 9 | 10-12 || total
-------------------------+-------+-------+-------+-------++-------
Melee: Executioner's axe |     5 |    10 |    48 |    38 ||   101
       Battleaxe         |       |       |       |    12 ||    12
Invok: Berserk           |     1 |       |     1 |     2 ||     4
       Brothers in Arms  |       |       |       |     2 ||     2
  Use: Scroll            |       |       |     1 |     1 ||     2
       Potion            |       |       |     1 |     2 ||     3
  Eat: Chunk             |       |       |       |     2 ||     2
       Ration            |       |       |       |     1 ||     1
Armor: Plate armour      |     5 |    36 |   100 |    91 ||   232
Dodge: Dodged            |     2 |    23 |   103 |    82 ||   210
